 Dungeon Crawl Stone Soup version 0.32-a0-422-g28b100f618 (webtiles) character file.

Game seed: 1260746887903004312

31122 timneilson the Fighter (level 13, -1/95 HPs)
             Began as an Octopode Shapeshifter on Feb 22, 2024.
             Was an Initiate of Gozag.
             Slain by a dream sheep (7 damage)
             ... on level 5 of the Lair of Beasts.
             The game lasted 00:39:57 (15862 turns).

timneilson the Fighter (Octopode Shapeshifter)     Turns: 15862, Time: 00:39:58

Health: -1/95      AC: 11    Str: 23    XL:     13   Next: 56%
Magic:  19/19      EV: 24    Int: 15    God:    Gozag
Gold:   1014       SH:  0    Dex: 19    Spells: 13/20 levels left

rFire   + .          .
                       - Unarmed
rCold   . . .        (shield currently unavailable)
rNeg    . . .        H - +2 hat {Int+3}
rPois   +            v - amulet of regeneration
rElec   .            g - +6 ring of strength
rCorr   +            l - ring of poison resistance
SInv    .            e - ring of protection from fire
Will    +....        q - +4 ring of protection
Stlth   +++          t - +4 ring of protection
HPRegen 1.15/turn    D - ring of resist corrosion
MPRegen 0.16/turn    F - ring of willpower
                     I - +6 ring of dexterity

%: no passive effects
@: lethally poisoned (-1 -> -2), flux-form, gold aura, glowing, studying
Fighting
A: glow, contaminating, almost no armour, amphibious, 8 rings, camouflage 1,
gelatinous body 1, (nimble swimmer 1), tentacles
a: Begin Untransformation, Renounce Religion, Potion Petition, Call Merchant,
Bribe Branch


You were on level 5 of the Lair of Beasts.
You worshipped Gozag.
Gozag was most pleased with you.
You were something dangerously unstable.
You visited 3 branches of the dungeon, and saw 18 of its levels.

You collected 3668 gold pieces.
You spent 1740 gold pieces at shops.
You paid 914 gold pieces to Gozag.

Inventory:

Missiles
 m - 6 curare-tipped darts (quivered)
 n - 40 poisoned darts
Armour
 H - a +2 hat of intelligence (worn)
Jewellery
 e - a ring of protection from fire (on tentacle)
 g - a +6 ring of strength (left tentacle)
 i - a ring of flight
 l - a ring of poison resistance (right tentacle)
 q - a +4 ring of protection (on tentacle)
 t - a +4 ring of protection (on tentacle)
 v - an amulet of regeneration (around mantle)
 z - a ring of ice
 B - an amulet of reflection
 D - a ring of resist corrosion (on tentacle)
 F - a ring of willpower (on tentacle)
 I - a +6 ring of dexterity (on tentacle)
 M - a +6 ring of dexterity
Talismans
 b - a beast talisman
 c - a flux talisman (active)
Wands
 j - a wand of flame (26)
 J - a wand of mindburst (7)
Scrolls
 h - 5 scrolls of enchant weapon
 p - a scroll of enchant armour
 r - 2 scrolls of fear
 w - a scroll of vulnerability
 y - 2 scrolls of amnesia
 A - a scroll of teleportation
 K - a scroll of blinking {unknown}
 L - a scroll of immolation
Potions
 a - a potion of lignification
 d - 2 potions of attraction
 f - 3 potions of mutation
 k - a potion of resistance
 o - 4 potions of heal wounds
 s - 3 potions of haste
 u - 2 potions of ambrosia
 x - 2 potions of enlightenment {unknown}
 C - 4 potions of might
 E - 3 potions of curing
 G - a potion of brilliance {unknown}


   Skills:
 * Level 11.0 Fighting
 * Level 10.2 Dodging
 + Level 10.2 Stealth
 * Level 10.4 Unarmed Combat
 + Level 4.2 Spellcasting
 + Level 4.6 Translocations
 + Level 7.1 Evocations
 * Level 9.5 Shapeshifting


You had 13 spell levels left.
You knew the following spells:

 Your Spells              Type           Power      Damage    Failure   Level
a - Blink                 Tloc           34%        N/A       4%          2
b - Lesser Beckoning      Tloc           34%        N/A       4%          2
c - Teleport Other        Tloc           17%        N/A       8%          3

Your spell library contained the following spells:

 Spells                   Type           Power      Damage    Failure   Level
 Gell's Gravitas          Tloc           17%        N/A       8%          3
 Momentum Strike          Conj/Tloc      20%        3d8       11%         2
 Freeze                   Ice            12%        1d3       19%         1
 Magic Dart               Conj           12%        1d3       19%         1
 Call Imp                 Summ           6%         N/A       26%         2
 Cigotuvi's Dreadful Rot  Necr/Alch/Air  6%         N/A       26%         2
 Frozen Ramparts          Ice            6%         1d1       47%         3
 Hailstorm                Conj/Ice       3%         3d5       47%         3
 Ignite Poison            Fire/Alch      3%         N/A       87%         4
 Freezing Cloud           Conj/Ice/Air   1%         6-21      99%         5


Dungeon Overview and Level Annotations

Branches:
Dungeon (12/15)            Temple (1/1) D:7            Lair (5/5) D:10
 Shoals (0/4) Lair:3       Spider (0/4) Lair:2        Slime (0/5) Lair:4
    Orc (0/2) D:9

Altars:
Ashenzari
Cheibriados
Dithmenos
Elyvilon
Fedhas
Gozag
Hepliaklqana
Kikubaaqudgha
Makhleb
Nemelex Xobeh
Okawaru
Qazlal
Ru
Sif Muna
Trog
Uskayaw
Vehumet
Wu Jian
Xom
Yredelemnul
Zin
The Shining One
Jiyva

Shops:
D:1 *   D:2 ?:=   D:4 *   D:8 [   Lair:4 [

Annotations:
Lair:2 3 runed translucent doors, 2 transporters, adelrune's ghost, journeyman AtFi
Lair:4 2 transporters, Agan's ghost, journeyman MeSh
Lair:5 1 runed translucent door, croobank's ghost, journeyman DsSu


Innate Abilities, Weirdness & Mutations

You are something dangerously unstable.
You glow with magical radiation, making you easy to see and hit.
Foes you strike become dangerously contaminated with magical radiation.
You are incapable of wielding weapons or throwing items.
You cannot wear most types of armour.
You are amphibious.
You can wear up to eight rings at the same time.
Your skin changes colour to match your surroundings (Stealth+).
Your rubbery body absorbs attacks. (AC +1, EV +1)
((You are camouflaged when in or above water. (Stealth+)))
You have tentacles for arms and can constrict up to eight enemies at once.


Message History

The cane toad barely misses you.
The black mamba hisses angrily.
You bludgeon the cane toad!
The cane toad begins to glow.
You squeeze the cane toad.
The cane toad is severely wounded.
You constrict the cane toad.
You feel very sick. The cane toad completely misses you.
You bludgeon the cane toad!
You kill the cane toad!
You feel very sick.
The black mamba is distracted by your dazzling golden aura.
Unknown command.
You feel much better.
You feel very sick.
The dream sheep are wreathed in dream dust.
You feel drowsy...
You fall asleep.
The dream sheep headbutts you!
You wake up.
* * * LOW HITPOINT WARNING * * *
The dream sheep headbutts the plant.
The plant begins to die.
Unknown command.
You feel sick.
The dream sheep is distracted by your dazzling golden aura.
The dream sheep headbutts the plant!
The dream sheep bleats!
You feel sick.
The black mamba hisses angrily.
You feel sick.
The black mamba is no longer distracted by gold.
You feel sick.
The dream sheep shake their wool and sparkle.
You feel drowsy...
You fall asleep.
You feel sick. x2
The dream sheep headbutts you!
You wake up.
* * * LOW HITPOINT WARNING * * *
You feel sick.
The dream sheep attacks as it pursues you!
The dream sheep headbutts you!
You die...
Your body crumbles into a pile of gold.

#.######### ##.##.....P##
####...........####
..#................ ..
#.P............#..## #..
..[................###... .
#P.#.....................
..
####.....................
...
#............p............
##...........P.Y.###.......
#.............S..####Y.....
######..........#Y#.P....~.
####.........YY$.Y.~≈~
##.............≈~≈#
##...........~~≈≈#
###..........≈≈≈#
###.......~~~~~


You could see a black mamba and 4 dream sheep.

Vanquished Creatures
  3 hydras
  2 catoblepae
  A two-headed ogre (D:8)
  2 boulder beetles
  2 death yaks
  2 skysharks
  2 ugly things (D:11)
  An oklob plant (Lair:4)
  A merfolk siren (Lair:3)
  A black mamba (Lair:3)
  10 cane toads
  A rime drake (Lair:3)
  4 komodo dragons
  A polar bear (Lair:3)
  Grinder (D:3)
  13 blink frogs
  7 dream sheep
  3 basilisks
  A warg (D:9)
  A vampire (D:11)
  7 wyverns
  20 yaks
  Grum (D:11)
  A steam dragon (D:7)
  An acid dragon (D:10)
  15 water moccasins
  3 ice beasts
  5 orc warriors
  2 sky beasts
  2 black bears
  20 wolves
  4 ogres
  A centaur (D:6)
  A phantom (D:3)
  6 kobold brigands
  11 bullfrogs
  3 scorpions
  5 wights (D:9)
  11 killer bees
  10 electric eels
  A howler monkey (D:10)
  5 bombardier beetles
  8 orc priests
  5 hounds
  A gnoll bouda (D:5)
  5 iguanas
  7 jellies
  9 orc wizards
  Ijyb (D:4)
  Terence (D:2)
  19 gnolls
  8 adders
  3 shadow imps (D:4)
  A white imp (D:4)
  4 ufetubi (D:4)
  A dart slug (D:1)
  A ribbon worm (D:3)
  35 orcs
  2 bats (D:2)
  23 endoplasms
  5 giant cockroaches
  15 hobgoblins
  8 jackals
  5 quokkas
  12 ball pythons
  2 frilled lizards
  5 goblins
  59 kobolds
  5 rats
444 creatures vanquished.

Notes
Turn   | Place    | Note
-------+----------+-------------------------------------------
     0 | D:1      | timneilson the Octopode Shapeshifter began the quest for
                  | the Orb.
     0 | D:1      | Reached XP level 1. HP: 13/13 MP: 1/1
    23 | D:1      | Reached XP level 2. HP: 12/18 MP: 2/2
   226 | D:1      | Reached skill level 1 in Stealth
   286 | D:1      | Reached XP level 3. HP: 23/23 MP: 3/3
   738 | D:1      | Found Wycw's General Store.
  1041 | D:2      | Reached XP level 4. HP: 27/29 MP: 4/4
  1068 | D:2      | Found Qough's Book Shoppe.
  1070 | D:2      | Found Qepocwefri's Magic Scroll Boutique.
  1145 | D:2      | Reached skill level 2 in Fighting
  1224 | D:2      | Found a white marble altar of Elyvilon.
  1400 | D:2      | Found Netuham's Jewellery Boutique.
  1516 | D:2      | Noticed Terence
  1529 | D:2      | Killed Terence
  1530 | D:2      | Reached XP level 5. HP: 15/34 MP: 5/5
  1667 | D:2      | Identified a scroll of acquirement
  1667 | D:2      | Acquired 519 gold pieces
  1711 | D:2      | Bought a +6 ring of strength for 396 gold pieces
  1751 | D:3      | Noticed a phantom
  2068 | D:3      | Reached XP level 6. HP: 39/41 MP: 6/6
  2140 | D:3      | Noticed Grinder
  2151 | D:3      | Killed Grinder
  2152 | D:3      | Reached skill level 3 in Fighting
  2152 | D:3      | Reached XP level 7. HP: 46/46 MP: 7/7
  2777 | D:4      | Found an ancient bone altar of Kikubaaqudgha.
  2849 | D:4      | Noticed Ijyb
  2856 | D:4      | Killed Ijyb
  2981 | D:4      | Found Nufeol's Serpentskin Sales.
  2988 | D:4      | Bought a ring of poison resistance for 260 gold pieces
  2988 | D:4      | Bought 2 curare-tipped darts for 31 gold pieces
  2988 | D:4      | Bought 6 poisoned darts for 46 gold pieces
  3062 | D:4      | Reached skill level 4 in Fighting
  3062 | D:4      | Reached skill level 5 in Unarmed Combat
  3062 | D:4      | Reached XP level 8. HP: 49/54 MP: 8/8
  3268 | D:4      | Found a broken altar of Ashenzari.
  3277 | D:4      | Reached skill level 1 in Evocations
  3421 | D:4      | Found a sparkling altar of Nemelex Xobeh.
  3829 | D:5      | Entered Level 5 of the Dungeon
  3943 | D:5      | Reached skill level 5 in Shapeshifting
  4044 | D:5      | Reached skill level 5 in Dodging
  4535 | D:5      | Reached skill level 5 in Fighting
  4752 | D:5      | Found a glowing golden altar of the Shining One.
  4824 | D:5      | Reached XP level 9. HP: 61/61 MP: 9/9
  5065 | D:6      | Found an iron altar of Okawaru.
  5089 | D:6      | Reached skill level 5 in Stealth
  5129 | D:6      | Found a stormy altar of Qazlal.
  6611 | D:7      | Found a transporter.
  6615 | D:7      | You are sucked into a shaft and drop 3 floors!
  6615 | D:10     | Entered Level 10 of the Dungeon
  6695 | D:8      | Found Cuil's Armour Boutique.
  6801 | D:7      | Found a transporter.
  6823 | D:7      | Reached skill level 6 in Fighting
  7015 | D:7      | Found a staircase to the Ecumenical Temple.
  7023 | Temple   | Entered the Ecumenical Temple
  7056 | Temple   | Became a worshipper of Gozag Ym Sagoz the Greedy
  7832 | D:8      | Noticed a two-headed ogre
  7840 | D:8      | Killed a two-headed ogre
  7841 | D:8      | Reached XP level 10. HP: 35/69 MP: 10/10
  8672 | D:8      | Found a hazy altar of Hepliaklqana.
  8912 | D:9      | Reached skill level 7 in Fighting
  8938 | D:9      | Found a staircase to the Orcish Mines.
  9237 | D:9      | Found a shimmering blue altar of Sif Muna.
  9370 | D:9      | Found a blossoming altar of Fedhas.
  9720 | D:10     | Found a staircase to the Lair.
  9898 | D:10     | Found a shimmering altar of Xom.
 10186 | D:10     | Reached XP level 11. HP: 75/75 MP: 11/11
 10262 | D:10     | Found a snail-covered altar of Cheibriados.
 10275 | D:10     | Learned a level 2 spell: Blink
 10278 | D:10     | Learned a level 2 spell: Lesser Beckoning
 10282 | D:10     | Learned a level 3 spell: Teleport Other
 10301 | D:11     | Noticed Grum
 10338 | D:11     | Killed Grum
 10573 | D:11     | Reached skill level 1 in Spellcasting
 10657 | D:11     | Noticed a white ugly thing
 10657 | D:11     | Noticed a purple ugly thing
 10675 | D:11     | Killed a cyan ugly thing
 10676 | D:11     | Reached skill level 1 in Translocations
 10676 | D:11     | Reached skill level 5 in Evocations
 10681 | D:11     | Killed a cyan ugly thing
 11176 | D:12     | Noticed a deep elf pyromancer
 11248 | Lair:1   | Entered Level 1 of the Lair of Beasts
 11276 | Lair:1   | Reached skill level 8 in Fighting
 11975 | Lair:2   | Reached XP level 12. HP: 73/84 MP: 15/15
 12012 | Lair:2   | Found a runed translucent gate.
 12028 | Lair:2   | Found a transporter.
 12028 | Lair:2   | Noticed adelrune's ghost (journeyman AtFi)
 12030 | Lair:2   | Found a runed translucent gate.
 12030 | Lair:2   | Found a runed translucent gate.
 12152 | Lair:2   | Found a hole to the Spider Nest.
 12330 | Lair:2   | Noticed an eight-headed hydra
 12341 | Lair:2   | Killed an eight-headed hydra
 12477 | Lair:2   | Identified the +12 falchion of the Antique God {drain,
                  | rPois rN+}
 12594 | Lair:2   | Found a transporter.
 12808 | D:8      | Bought a +2 hat of intelligence for 336 gold pieces
 12950 | D:2      | Bought a ring of protection from fire for 275 gold pieces
 12950 | D:2      | Bought a +6 ring of dexterity for 396 gold pieces
 13215 | Lair:2   | Acquired a manual of Fighting
 13380 | Lair:3   | Found a staircase to the Shoals.
 13390 | Lair:3   | Reached skill level 9 in Fighting
 13729 | Lair:3   | Noticed a catoblepas
 13825 | Lair:3   | Killed a catoblepas
 13983 | Lair:3   | Noticed a skyshark
 13992 | Lair:3   | Killed a skyshark
 14192 | Lair:4   | Noticed a seven-headed hydra
 14196 | Lair:4   | Noticed a skyshark
 14201 | Lair:4   | Killed a seven-headed hydra
 14207 | Lair:4   | Killed a skyshark
 14226 | Lair:4   | Found a staircase to the Slime Pits.
 14226 | Lair:4   | Found a viscous altar of Jiyva.
 14239 | Lair:4   | Noticed a boulder beetle
 14251 | Lair:4   | Killed a boulder beetle
 14252 | Lair:4   | Reached skill level 10 in Fighting
 14345 | Lair:4   | Noticed a catoblepas
 14375 | Lair:4   | Killed a catoblepas
 14376 | Lair:4   | Reached XP level 13. HP: 68/92 MP: 18/18
 14541 | Lair:4   | Noticed Agan's ghost (journeyman MeSh)
 14544 | Lair:4   | Found a transporter.
 14553 | Lair:4   | Found a transporter.
 14557 | Lair:4   | Reached skill level 10 in Unarmed Combat
 15017 | Lair:5   | Entered Level 5 of the Lair of Beasts
 15153 | Lair:4   | Reached skill level 10 in Dodging
 15177 | Lair:5   | Reached skill level 10 in Stealth
 15303 | Lair:5   | Found a hide-covered altar of Uskayaw.
 15303 | Lair:5   | Found an ornate altar of the Wu Jian Council.
 15550 | Lair:5   | Noticed croobank's ghost (journeyman DsSu)
 15554 | Lair:5   | Found a runed translucent door.
 15810 | Lair:5   | Reached skill level 11 in Fighting
 15862 | Lair:5   | Slain by a dream sheep

Illustrated notes

Levels and vault maps discovered:
D:1:      amcnicky_arrival_blooded_trapdoor, layout_basic, serial_shops, shop
D:2:      layout_loops_cross, basic_altar, serial_shops, shop, shop,
          nicolae_diamond_shop, uniq_terence
D:3:      layout_rooms, serial_aquarium, aquarium_bridge_island_small
          [aquarium_subvault_small_open, aquarium_subvault_bridge,
          aquarium_subvault_bridge, aquarium_subvault_wall,
          aquarium_subvault_window], aquarium_window_fake,
          aquarium_window_corridor_3, aquarium_view_2f, aquarium_view_2f,
          uniq_grinder
D:4:      layout_gridville, old_standard_altar, general_overflow_altar,
          nicolae_kikubaaqudgha_miasma_corner, serial_demonic, serial_demonic_a,
          serial_demonic_f, serial_demonic_e, serial_demonic_b,
          guppyfry_shop_venom, uniq_ijyb
D:5:      layout_rooms, nicolae_tso_carved_into_rock
D:6:      minmay_goblin_kobold_castle, layout_basic, okawaru_trees_2,
          nicolae_overflow_crystal_walls, serial_library_hellmonk_open_square,
          interstate_on_off
D:7:      gammafunk_steamed_eel, layout_basic, minmay_temple_entry_trees,
          nicolae_zen_rock_garden, eino_curves_04
D:8:      layout_gridville, mainiacjoe_overflow_tiny_flanked,
          kennysheep_another_room, nicolae_take_the_stairs
D:9:      layout_long_grid, kennysheep_mini_moat, lemuel_round_altar,
          minmay_orc_entry_guard_dogs
D:10:     layout_roguey, slow_altar_2, mainiacjoe_overflow_small_starburst,
          lair_entry_dummy, enter_bailey_2
D:11:     layout_small_grid, nrook_campfire, uniq_grum
D:12:     layout_cave_pools
Temple:   minmay_temple_curvy_loop
Lair:1:   layout_gridlike, st_stairs_13, grunt_megastairs_4
Lair:2:   gammafunk_cloud_chamber, layout_hall_layers, dummy_spider_entry,
          gammafunk_ghost_split, lemuel_fruit_fields
Lair:3:   layout_cellular_growth, minmay_shoals_entry_lonely_mermaid
Lair:4:   lemuel_slime, layout_loops_ring, slime_entry_1, gammafunk_ghost_arena
Lair:5:   cheibrodos_lair_end_hotspot, layout_gridlike,
          hellmonk_ghost_happy_afterlife, serial_bayou_pond_c,
          nzn_masters_of_martial_movement

Skill      XL: |  1  2  3  4  5  6  7  8  9 10 11 12 13 |
---------------+----------------------------------------+-----
Stealth        | 1 2 3 4 6 7 8 9 10 | 10.2
Fighting       | 2 3 4 5 6 7 8 10 11 | 11.0
Dodging        | 3 4 5 6 7 8 9 10 | 10.2
Unarmed Combat | 4 5 7 8 9 10 | 10.4
Shapeshifting  | 4 5 6 7 8 9 |  9.5
Evocations     | 2 3 4 5 6 7 |  7.1
Spellcasting   | 2 3 4 |  4.2
Translocations | 2 4 |  4.6

Action                     |  1- 3 |  4- 6 |  7- 9 | 10-12 | 13-15 || total
---------------------------+-------+-------+-------+-------+-------++-------
  Melee: Unarmed           |    52 |    63 |   303 |   570 |   194 ||  1182
         Constrict         |    15 |    16 |    81 |   112 |    21 ||   245
         Punch             |     3 |     1 |    18 |     6 |       ||    28
         Tentacles         |     7 |    15 |    64 |   194 |    53 ||   333
  Throw: Dart              |       |       |     6 |       |       ||     6
 Invoke: Call Merchant     |       |       |       |       |     1 ||     1
  Evoke: Wand              |       |       |    12 |    12 |     3 ||    27
    Use: Scroll            |     6 |     2 |     9 |     5 |     1 ||    23
         Potion            |       |       |     2 |     1 |     1 ||     4
   Stab: Sleeping          |     7 |     9 |    20 |    12 |     1 ||    49
         Distracted        |       |       |     1 |     6 |     1 ||     8
         Petrified         |       |       |       |     2 |       ||     2
         Petrifying        |       |       |       |     1 |       ||     1
 Armour: Skin              |    16 |    20 |   117 |   247 |    60 ||   460
  Dodge: Dodged            |    23 |    37 |   180 |   546 |   134 ||   920
   Form: Flux              |       |       |       |     1 |       ||     1

Table legend: (Time is in decaauts)
 A = Elapsed time spent in this place.
 B = Non-inter-level travel time spent in this place.
 C = Inter-level travel time spent in this place.
 D = Time resting spent in this place.
 E = Time spent auto-exploring this place.
 F = Levels seen in this place.
 G = Mean time per level.
                   A        B        C        D        E       F      G
               +--------+--------+--------+--------+--------+-----+--------+
         Total |  15716 |  14759 |    957 |   1180 |   9379 |  18 |  873.1 |
       Dungeon |  11484 |  10687 |    797 |   1067 |   6878 |  12 |  957.0 |
        Temple |     66 |      2 |     64 |      0 |      0 |   1 |   66.0 |
          Lair |   4165 |   4069 |     96 |    113 |   2501 |   5 |  833.0 |
               +--------+--------+--------+--------+--------+-----+--------+

Top non-repeatable levels by time:
     D:6: 1499 daAuts
     D:5: 1232 daAuts
     D:4: 1190 daAuts
     D:7: 1142 daAuts
  Lair:3: 1066 daAuts
     D:2: 1050 daAuts
     D:9: 1002 daAuts
     D:1: 995 daAuts
  Lair:4: 968 daAuts
     D:8: 952 daAuts
    D:11: 886 daAuts
    D:10: 804 daAuts
  Lair:2: 751 daAuts
     D:3: 726 daAuts
  Lair:1: 691 daAuts
